 Dungeon Crawl Stone Soup version bcrawl-1.36.4 (webtiles) character file.

Game seed: 2449810535941738273

484453 jojo4K the Cleaver (level 11, -20/135 HPs)
             Began as a Minotaur Berserker on Aug 18, 2022.
             Was a High Priest of Trog.
             Hit by a large rock thrown by a cyclops (40 damage)
             ... on level 10 of the Dungeon.
             The game lasted 00:20:38 (9016 turns).

jojo4K the Cleaver (Minotaur Berserker)             Turns: 9016, Time: 00:20:38

Health: -20/135    AC: 12    Str: 29    XL:     11   Next: 91%
Magic:  10/10      EV: 16    Int:  4    God:    Trog [*****.]
Gold:   805        SH: 11    Dex: 11    Spells: 10/10 levels left

rFire    . . .     SeeInvis .   q - +2 hand axe (elec)
rCold    . . .     Gourm    .   L - +0 medium shield
rNeg     . . .     Faith    .   u - +1 ring mail {rPois}
rPois    +         Spirit   .   (helmet restricted)
rElec    .         Reflect  .   C - +0 cloak
rCorr    .         Clarity  +   F - +1 pair of gloves
MR       +++..                  (no boots)
Stlth    ..........             (no amulet)
HPRegen  0.32/turn              t - +3 ring of evasion
MPRegen  0.12/turn              (no ring)

@: berserking, very quick
A: retaliatory headbutt, horns 2, blink, clarity, sense surroundings 1, robust 1
a: Blink, Berserk, Trog's Hand, Brothers in Arms, Renounce Religion


You were on level 10 of the Dungeon.
You worshipped Trog.
Trog was extremely pleased with you.
You were hungry.

You visited 1 branch of the dungeon, and saw 10 of its levels.
You also visited: Sewer.

You collected 805 gold pieces.

Inventory:

Hand Weapons
 a - a +0 hand axe
 q - a +2 hand axe of electrocution (weapon)
 y - the +6 demon blade "Bloodbane" {slice, *Tele *Drain +Rage Str+6}
   (You found it on level 7 of the Dungeon)

   It will always inflict at least some extra damage.
   This minimum extra damage increases with your current reserve of magical
   power.
   It affects your strength (+6).
   It lets you go berserk.
   It may teleport you next to monsters.
   It causes draining when unequipped.
 H - a +1 fustibalus of freezing
Missiles
 K - a throwing net {=f}
Armour
 b - a +0 animal skin
 c - +0 swamp dragon scales
 u - a +1 ring mail of poison resistance (worn)
 C - a +0 cloak (worn)
 F - a +1 pair of gloves (worn)
 L - a +0 medium shield (worn)
Jewellery
 p - an uncursed amulet of inaccuracy
 t - a +3 ring of evasion (left hand)
Wands
 g - a wand of polymorph (14)
 B - a wand of digging (2)
 E - a wand of acid (11)
 I - a wand of charming (2)
 Q - a wand of paralysis (6)
Scrolls
 d - 2 scrolls of magic mapping {unknown}
 f - 4 scrolls of immolation
 i - 6 scrolls of identify
 j - a scroll of noise
 k - 2 scrolls of fear
 l - 3 scrolls of amnesia
 m - 4 scrolls of fog
 n - 6 scrolls of teleportation
 v - 2 scrolls of remove curse
 J - a scroll of blinking
 N - a scroll of enchant armour {unknown}
Potions
 h - 8 potions of curing
 o - 2 potions of lignification
 r - 3 potions of heal wounds
 s - a potion of brilliance {unknown}
 w - 2 potions of might
 x - a potion of haste
 z - 4 potions of invisibility
 A - a potion of magic
 D - a potion of agility
 G - 2 potions of berserk rage
 P - a potion of ambrosia {unknown}
Miscellaneous
 O - a lamp of fire
Comestibles
 e - 11 rations {!d}
 M - 5 chunks of flesh


   Skills:
 - Level 3.6 Fighting
 * Level 14.3 Axes
 + Level 12.2 Armour
 - Level 10.4 Dodging
 * Level 7.5 Shields


You had 10 spell levels left.
You didn't know any spells.
Your spell library was empty.

Dungeon Overview and Level Annotations

Branches:
Dungeon (10/12)            Temple (0/1) D:5            Lair (0/6) D:9
    Orc (0/1) D:8

Altars:
Gozag
Hepliaklqana
Lugonu
Okawaru
Trog
Wu Jian
Yredelemnul

Shops:
D:5 =   D:7 *   D:8 [   D:10 *

Annotations:
D:7 1 runed door


Innate Abilities, Weirdness & Mutations

You reflexively headbutt those who attack you in melee.
You have a pair of horns on your head.
You can translocate small distances at will.
You possess an exceptional clarity of mind.
You passively map a small area around you.
You are robust. (+10% HP)


Message History

Deactivating autopickup; reactivate with Ctrl-A.
The jelly closely misses you.
You block the vampire mosquito's attack.
You hear some strange, mumbled words.
Something tries to affect you, but you resist.
The cyclops throws a large rock.
You block the large rock.
A red film seems to cover your vision as you go berserk!
You feel yourself moving faster!
You feel mighty!
You are feeling hungry.
The vampire mosquito misses you. You furiously retaliate!
You headbutt the vampire mosquito!
You destroy the vampire mosquito!
Trog accepts your kill. The jelly hits you but does no damage.
A tyrant leech comes into view.
Unholy energy fills the air.
* * * LOW HITPOINT WARNING * * *
You feel a strong urge to attack something.
The cyclops throws a large rock.
The large rock hits you!!!
You die...

## * ,, , ####### # *
#.....# * # * #* ##.....#
,* #### * ..###.....C# #
* ..., , ...........#.# *
## * * *##.........# .#
##...{......# .#
#####....@J......#
.#######........###.###w#
...........).....# ..#
......######....## .# ,
.......... ##.#..#, .#, ,
#.......... #..)##,, #
#..........*#....# , *,
#..........##...######
...####.....#...y......,


You could see a tyrant leech, a cyclops and a jelly.

Vanquished Creatures
  Josephine (D:10)
  Harold (D:9)
  Erica (D:10)
  A two-headed ogre (D:10)
  A centaur warrior (D:8)
  Pikel (D:9)
  2 wolf spider zombies
  A deep elf mage (D:8)
  An ugly thing (D:10)
  Joseph (D:8)
  The ghost of Lazarus1551 the Magician, a novice OnWn (D:5)
  A queen bee (D:9)
  A hornet (D:9)
  2 hippogriffs (D:9)
  A meliai zombie (D:10)
  2 shadows
  A wyvern (D:9)
  4 wraiths (D:10)
  2 hungry ghosts
  A steam dragon (D:7)
  4 vampire mosquitoes (D:10)
  Menkaure (D:5)
  A crocodile (D:10)
  Duvessa (D:7)
  A porcupine (D:9)
  2 sky beasts (D:4)
  A hornet zombie (D:5)
  4 ice beasts
  A slave (D:9)
  7 orc warriors
  3 black bears
  4 ogres
  A phantom (D:4)
  2 kobold brigands
  The ghost of Darthill6464 the Sneak, an amateur VSSp (D:3)
  6 bullfrogs
  A centaur (D:9)
  A wyvern zombie (D:7)
  Dowan (D:7)
  A water moccasin zombie (D:7)
  5 scorpions
  14 killer bees (D:9)
  4 wights (D:10)
  3 orc priests
  5 crimson imps
  A bullfrog zombie (D:6)
  6 hounds
  3 jellies
  A gnoll shaman (D:9)
  2 bullfrog skeletons
  4 orc wizards
  Terence (D:3)
  An iguana (D:6)
  5 worker ants
  A hound skeleton (D:9)
  2 howler monkey skeletons
  3 gnolls (D:9)
  18 adders
  4 shadow imps (D:8)
  An ooze (D:1)
  3 adder skeletons
  3 worms
  5 dart slugs
  11 leopard geckos
  25 orcs
  9 giant cockroaches
  6 goblins
  9 hobgoblins
  7 jackals
  15 kobolds
  A quokka (D:5)
  A ball python (Sewer)
  5 bats
  5 frilled lizards
  A jackal zombie (D:7)
  A quokka skeleton (D:4)
  5 rats
  A fungus (D:9)
  A plant (D:9)
269 creatures vanquished.

Vanquished Creatures (others)
  A vampire (D:10)
  4 fungi (D:9)
5 creatures vanquished.

Grand Total: 274 creatures vanquished

Notes
Turn   | Place    | Note
-------+----------+-------------------------------------------
     0 | D:1      | jojo4K the Minotaur Berserker began the quest for the Orb.
     0 | D:1      | Reached XP level 1. HP: 19/19 MP: 0/0
    40 | D:1      | Reached skill level 4 in Axes
    46 | D:1      | Reached XP level 2. HP: 12/26 MP: 1/1
   650 | D:1      | Reached skill level 5 in Axes
   819 | D:2      | Reached XP level 3. HP: 31/31 MP: 2/2
   924 | D:2      | Found an iron altar of Okawaru.
  1090 | D:2      | Reached ** piety under Trog
  1489 | D:2      | Reached skill level 6 in Axes
  1489 | D:2      | Reached XP level 4. HP: 32/39 MP: 3/3
  1984 | D:3      | Reached XP level 5. HP: 45/45 MP: 4/4
  1987 | D:3      | Reached skill level 7 in Axes
  2087 | D:3      | Found a runed translucent gate.
  2087 | D:3      | Found a runed translucent gate.
  2087 | D:3      | Found a runed translucent gate.
  2088 | D:3      | Noticed Darthill6464's ghost (amateur VSSp)
  2188 | D:3      | Noticed Terence
  2198 | D:3      | Reached *** piety under Trog
  2206 | D:3      | Killed Terence
  2488 | D:3      | Killed Darthill6464's ghost
  2489 | D:3      | Reached skill level 8 in Axes
  2489 | D:3      | Reached XP level 6. HP: 51/51 MP: 5/5
  2542 | D:4      | Found a hazy altar of Hepliaklqana.
  2652 | D:4      | Noticed a sky beast
  2653 | D:4      | Reached skill level 9 in Axes
  2669 | D:4      | Killed a sky beast
  2766 | D:4      | Reached XP level 7. HP: 55/57 MP: 6/6
  2951 | D:4      | Found a corrupted altar of Lugonu.
  2951 | D:4      | Found a basalt altar of Yredelemnul.
  3179 | D:4      | Reached skill level 10 in Axes
  3421 | D:4      | Gained mutation: Your flesh is heat resistant. (rF+)
                  | [potion of mutation]
  3421 | D:4      | Gained mutation: You passively map a small area around you.
                  | [potion of mutation]
  3422 | D:4      | Lost mutation: Your flesh is heat resistant. (rF+) [potion
                  | of mutation]
  3422 | D:4      | Gained mutation: You can translocate small distances at
                  | will. [potion of mutation]
  3422 | D:4      | Gained mutation: You are robust. (+10% HP) [potion of
                  | mutation]
  3422 | D:4      | Gained mutation: You possess an exceptional clarity of
                  | mind. [potion of mutation]
  3482 | D:5      | Entered Level 5 of the Dungeon
  3482 | D:5      | Found Gammoebb's Jewellery Boutique.
  3517 | D:5      | Noticed Menkaure
  3527 | D:5      | Killed Menkaure
  3528 | D:5      | Reached XP level 8. HP: 41/70 MP: 7/7
  3706 | D:5      | Found a runed translucent door.
  3707 | D:5      | Noticed Lazarus1551's ghost (novice OnWn)
  3723 | D:5      | Killed Lazarus1551's ghost
  3724 | D:5      | Reached skill level 5 in Armour
  3724 | D:5      | Reached skill level 5 in Dodging
  3744 | D:5      | Reached skill level 11 in Axes
  3935 | D:5      | Found a glowing drain.
  3948 | D:5      | Reached **** piety under Trog
  3957 | Sewer    | Entered a sewer
  4288 | D:5      | Found a basalt altar of Yredelemnul.
  4325 | D:5      | Found a staircase to the Ecumenical Temple.
  4567 | D:6      | Reached XP level 9. HP: 77/77 MP: 8/8
  5341 | D:7      | Found a bloodstained altar of Trog.
  5382 | D:7      | Found an ornate altar of the Wu Jian Council.
  5406 | D:7      | Found the +6 demon blade "Bloodbane" {slice, *Tele *Drain
                  | +Rage Str+6}
  5480 | D:7      | Noticed Duvessa
  5480 | D:7      | Noticed Dowan
  5491 | D:7      | Killed Duvessa
  5497 | D:7      | Killed Dowan
  5531 | D:7      | Found Ibajojan's General Store.
  5994 | D:7      | Found a runed door.
  6254 | D:8      | Noticed a deep elf mage
  6272 | D:8      | Killed a deep elf mage
  6284 | D:8      | Reached ***** piety under Trog
  6381 | D:8      | Reached XP level 10. HP: 81/84 MP: 9/9
  6422 | D:8      | Noticed Joseph
  6439 | D:8      | Killed Joseph
  6440 | D:8      | Reached skill level 12 in Axes
  6560 | D:8      | Found Koplohi's Antique Armour Emporium.
  6630 | D:8      | Noticed a centaur warrior
  6634 | D:8      | Killed a centaur warrior
  6635 | D:8      | Reached skill level 10 in Armour
  6834 | D:8      | Found a staircase to the Orcish Mines.
  6878 | D:8      | Found an opulent altar of Gozag.
  7129 | D:8      | Received a gift from Trog
  7419 | D:9      | Found a staircase to the Lair.
  7453 | D:9      | Reached skill level 10 in Dodging
  7591 | D:9      | Noticed Harold
  7613 | D:9      | Killed Harold
  7784 | D:9      | Noticed Pikel
  7799 | D:9      | Killed Pikel
  7800 | D:9      | Reached skill level 1 in Shields
  7800 | D:9      | Reached XP level 11. HP: 90/90 MP: 10/10
  8265 | D:9      | Reached skill level 13 in Axes
  8516 | D:10     | Entered Level 10 of the Dungeon
  8516 | D:10     | Noticed a two-headed ogre
  8526 | D:10     | Killed a two-headed ogre
  8530 | D:10     | Reached skill level 5 in Shields
  8650 | D:10     | Noticed a white ugly thing
  8652 | D:10     | Found Vaucs's Assorted Antiques.
  8654 | D:10     | Noticed Erica
  8657 | D:10     | Killed a white ugly thing
  8680 | D:10     | Killed Erica
  8876 | D:10     | Noticed Josephine
  8887 | D:10     | Killed Josephine
  8888 | D:10     | Reached skill level 14 in Axes
  9004 | D:10     | Noticed a cyclops
  9016 | D:10     | Hit by a large rock thrown by a cyclops

Skill      XL: |  1  2  3  4  5  6  7  8  9 10 11 |
---------------+----------------------------------+-----
Axes           | 4 5 6 8 9 10 11 12 14 | 14.3
Armour         | 4 6 9 11 12 | 12.2
Dodging        | 3 6 8 10 | 10.4
Shields        | 1 7 |  7.5
Fighting       | |  3.6

Action                   |  1- 3 |  4- 6 |  7- 9 | 10-12 || total
-------------------------+-------+-------+-------+-------++-------
Melee: Hand axe          |    85 |    88 |   253 |   302 ||   728
       Headbutt          |    15 |    11 |    40 |    60 ||   126
Invok: Berserk           |       |       |     3 |     5 ||     8
  Use: Scroll            |       |     7 |       |       ||     7
       Potion            |       |       |    11 |       ||    11
  Eat: Chunk             |     4 |     6 |    16 |     4 ||    30
       Ration            |       |       |     2 |     4 ||     6
Armor: Swamp dragon scal |    34 |    23 |       |       ||    57
       Ring mail         |       |     5 |    51 |    50 ||   106
Dodge: Dodged            |    46 |    41 |   134 |   174 ||   395
Block: Medium shield     |       |       |       |    87 ||    87
